 Dungeon Crawl Stone Soup version 0.31-a0-981-geadf994542 (webtiles) character file.

Game seed: 9916540974947522600

102 Hooloovoo the Ruffian (level 4, -1/28 HPs)
             Began as an Octopode Shapeshifter on Nov 2, 2023.
             Slain by Natasha (2 damage)
             ... on level 2 of the Dungeon.
             The game lasted 00:13:37 (856 turns).

Hooloovoo the Ruffian (Octopode Shapeshifter)        Turns: 856, Time: 00:13:40

Health: -1/28      AC:  1    Str: 15    XL:     4   Next: 77%
Magic:  4/4        EV: 13    Int: 12    God:
Gold:   109        SH:  0    Dex: 11    Spells: 3/3 levels left

rFire   . . .        m - staff of air
rCold   . . .        (no shield)
rNeg    . . .        f - melded +2 hat
rPois   .            (no amulet)
rElec   +            h - ring of see invisible
rCorr   .            (no ring)
SInv    +            (no ring)
Will    .....        (no ring)
Stlth   +++          (no ring)
HPRegen 0.24/turn    (no ring)
MPRegen 0.09/turn    (no ring)
                     (no ring)

%: no passive effects
@: beast-form, slowed, very slow
A: beast (slay +2), almost no armour, amphibious, 8 rings, camouflage 1,
gelatinous body 1, (nimble swimmer 1), tentacles
a: Begin Untransformation


You were on level 2 of the Dungeon.
You were a hulking beast.
You visited 1 branch of the dungeon, and saw 2 of its levels.

You collected 109 gold pieces.

Inventory:

Missiles
 o - 6 javelins
Armour
 d - a +0 leather armour
 f - a +2 hat (melded)
 j - a +2 leather armour of poison resistance
 n - the +7 chain mail of Privacy {Int+2 Slay+3}
   (You found it on level 2 of the Dungeon)

   Int+2:     It affects your intelligence (+2).
   Slay+3:    It affects your accuracy & damage with ranged weapons and melee
   (+3).
Magical Staves
 g - a staff of cold
 k - a staff of poison
 m - a staff of air (weapon)
Jewellery
 h - a ring of see invisible (left tentacle)
Talismans
 b - a beast talisman (active)
 c - a flux talisman
Scrolls
 e - 3 scrolls of identify {unknown}
 i - a scroll of vulnerability {unknown}
Potions
 a - a potion of lignification
 l - a potion of brilliance {unknown}
 p - a potion of curing {unknown}


   Skills:
 + Level 1.2 Fighting
 + Level 2.3 Dodging
 + Level 1.8 Stealth
 + Level 4.0 Unarmed Combat
 + Level 3.9 Shapeshifting


You had 3 spell levels left.
You didn't know any spells.
Your spell library contained the following spells:

 Spells                   Type           Power      Damage    Failure   Level
 Cause Fear               Hex            0%         N/A       97%         4
 Fireball                 Conj/Fire      0%         3d3       100%        5
 Dragon's Call            Summ           0%         N/A       100%        9


Dungeon Overview and Level Annotations

Branches:
Dungeon (2/15)

Altars:
Fedhas

Annotations:
D:2 Natasha


Innate Abilities, Weirdness & Mutations

You are a hulking beast.
Your limbs bulge with bestial killing power. (Slay +2)
You cannot wear most types of armour.
You are amphibious.
You can wear up to eight rings at the same time.
Your skin changes colour to match your surroundings (Stealth+).
Your rubbery body absorbs attacks. (AC +1, EV +1)
((You are camouflaged when in or above water. (Stealth+)))
You have tentacles for arms and can constrict up to eight enemies at once.


Message History

You constrict Natasha.
Natasha howls an incantation.
Natasha glows brightly for a moment.
Natasha closely misses you.
You hit Natasha. You squeeze Natasha!
You kill Natasha!
Natasha yowls pathetically as she dies!
Your Unarmed Combat skill increases to level 4!
You see here the felid corpse of Natasha.
p - a green potion Natasha, Servant of Life and Death comes into view.
Natasha hisses angrily.
Natasha casts a spell at you.
You feel yourself slow down.
Natasha stares at you and mumbles some strange words.
You feel as though you will be slow longer.
Natasha casts a spell at you.
You feel as though you will be slow longer.
You miss Natasha. You grab Natasha.
You constrict Natasha, but do no damage.
Natasha claws you!
Natasha stares at you and mumbles some strange words.
The magic dart hits you.
You barely miss Natasha. You squeeze Natasha.
Natasha is lightly wounded.
You constrict Natasha.
Natasha stares at you and mumbles some strange words.
You resist with some effort. Natasha claws you.
You hit Natasha.
Natasha is heavily wounded.
You constrict Natasha, but do no damage.
Natasha misses you. Natasha claws you!
* * * LOW HITPOINT WARNING * * *
You hit Natasha but do no damage. Your squeeze misses Natasha.
Natasha is heavily wounded.
You constrict Natasha. Natasha claws you.
* * * LOW HITPOINT WARNING * * *
Natasha claws you.
You die...
Natasha begins licking her fur clean.

# #... # #.#.# ## #
#...# .. # ##...###. #
#.......#### ##### #
##.......... ... #
#......h.# ###.#.###
#.....h.#######...#<..#
#.....#.##......#####..
#..#.##....####...#....
#..........######.#.##.
##...####.###..........
#...# #.# #.####...#.
#รท..# #.# .# ###.#.
#######...####.###.##
#.#.
#...............#...##
#.#.


You could see Natasha.

Vanquished Creatures
  Natasha (twice) (D:2)
  2 adders (D:2)
  2 dart slugs (D:1)
  2 ball pythons (D:1)
  6 bats
  3 endoplasms
  2 giant cockroaches (D:1)
  3 goblins (D:1)
  A hobgoblin (D:1)
  3 quokkas (D:2)
  2 frilled lizards
  3 kobolds
  3 rats
34 creatures vanquished.

Notes
Turn   | Place    | Note
-------+----------+-------------------------------------------
     0 | D:1      | Hooloovoo the Octopode Shapeshifter began the quest for the
                  | Orb.
     0 | D:1      | Reached XP level 1. HP: 13/13 MP: 1/1
    41 | D:1      | Reached XP level 2. HP: 13/18 MP: 2/2
   374 | D:1      | Reached XP level 3. HP: 23/23 MP: 3/3
   595 | D:2      | Noticed Natasha
   604 | D:2      | Killed Natasha
   605 | D:2      | Reached skill level 1 in Stealth
   605 | D:2      | Reached XP level 4. HP: 24/28 MP: 4/4
   693 | D:2      | Found a blossoming altar of Fedhas.
   728 | D:2      | Identified the +7 chain mail of Privacy {Int+2 Slay+3}
   821 | D:2      | Noticed Natasha
   826 | D:2      | Killed Natasha
   827 | D:2      | Reached skill level 4 in Unarmed Combat
   849 | D:2      | Noticed Natasha
   856 | D:2      | HP: 1/28 [Natasha (6)]
   856 | D:2      | Slain by Natasha

Illustrated notes

Levels and vault maps discovered:
D:1:      saegor_arrival_simple_a, layout_basic
D:2:      layout_loops_ring, basic_altar, grunt_ministairs_8,
          dreamdust_princess_corridor, uniq_natasha

Skill      XL: |  1  2  3  4 |
---------------+-------------+-----
Stealth        | 1 |  1.8
Unarmed Combat | 4 |  4.0
Fighting       | |  1.2
Dodging        | |  2.3
Shapeshifting  | |  3.9

Action                     |  1- 3 |  4- 6 || total
---------------------------+-------+-------++-------
  Melee: Unarmed           |    59 |    14 ||    73
         Constrict         |    20 |     3 ||    23
         Tentacles         |    14 |     4 ||    18
         Punch             |     2 |       ||     2
         Staff             |       |     6 ||     6
   Stab: Sleeping          |     3 |     3 ||     6
 Armour: Skin              |    28 |    13 ||    41
  Dodge: Dodged            |    36 |     5 ||    41
   Form: Beast             |     1 |       ||     1
         Flux              |     1 |       ||     1

Table legend: (Time is in decaauts)
 A = Elapsed time spent in this place.
 B = Non-inter-level travel time spent in this place.
 C = Inter-level travel time spent in this place.
 D = Time resting spent in this place.
 E = Time spent auto-exploring this place.
 F = Levels seen in this place.
 G = Mean time per level.
                   A        B        C        D        E       F      G
               +--------+--------+--------+--------+--------+-----+--------+
         Total |    853 |    262 |    591 |      0 |      0 |   2 |  426.5 |
       Dungeon |    853 |    262 |    591 |      0 |      0 |   2 |  426.5 |
               +--------+--------+--------+--------+--------+-----+--------+

Top non-repeatable levels by time:
     D:1: 462 daAuts
     D:2: 391 daAuts
